 Dungeon Crawl Stone Soup version 0.30-a0-469-g84de5afbc5 (webtiles) character file.

Game seed: 10481279752473069296

193 ytrimaz the Magician (level 6, -2/40 HPs)
             Began as a Djinni Fire Elementalist on Dec 19, 2022.
             Killed themself with a badly aimed concussive blast (5 damage)
             ... on level 4 of the Dungeon.
             The game lasted 00:03:26 (2758 turns).

ytrimaz the Magician (Djinni Fire Elementalist)     Turns: 2758, Time: 00:03:27

Health: -2/40      AC:  3    Str:  7    XL:     6   Next: 3%
Gold:   123        EV: 12    Int: 18    God:
                   SH:  0    Dex: 14

rFire   + + .      SeeInvis .    (no weapon)
rCold   x . .      Faith    .    (no shield)
rNeg    . . .      Spirit   .    a - +1 robe
rPois   ∞          Reflect  .    (no helmet)
rElec   .          Harm     .    (no cloak)
rCorr   .          Rampage  .    (no gloves)
Will    .....                    (boots unavailable)
Stlth   ++........               (no amulet)
HPRegen 0.26/turn                (no ring)
MPRegen 0.00/turn                (no ring)

@: flying, very slightly contaminated
A: sickness immunity, fire resistance 2, cold vulnerability 1, float, innate
caster, HP casting, extra vitality 1
a: no special abilities


You were on level 4 of the Dungeon.
You visited 1 branch of the dungeon, and saw 4 of its levels.

You collected 123 gold pieces.


Innate Abilities, Weirdness & Mutations

You are immune to sickness and miasma.
You are immune to poison.
Your flesh is very heat resistant. (rF++)
You are vulnerable to cold. (rC-)
You float through the air rather than walking.
You learn spells naturally, not from books.
Your magical power is your life essence.
You have superior vitality. (+4 MHP)


   Skills:
 - Level 2.1 Dodging
 - Level 1.5 Stealth
 + Level 4.8 Spellcasting


You couldn't memorise any spells.
You knew the following spells:

 Your Spells              Type           Power      Damage    Failure   Level
a - Foxfire               Conj/Fire      84%        2x1d8     1%          1
b - Scorch                Fire           42%        2d7       2%          2
c - Kindle Blastsparks    Fire/Tloc/Air  42%        2d13      5%          3
d - Flame Wave            Conj/Fire      21%        2d8       19%         4
e - Inner Flame           Hex/Fire       21%        N/A       5%          3
f - Freeze                Ice            84%        1d9       1%          1
g - Call Imp              Summ           21%        N/A       2%          2
Your spell library was empty.

Inventory:

Armour
 a - a +1 robe (worn)
Scrolls
 b - a scroll of noise
 j - a scroll of fog
Potions
 c - 3 potions of curing
 e - a potion of brilliance {unknown}
 g - a potion of ambrosia {unknown}
 h - a potion of berserk rage {unknown}
 i - a potion of might {unknown}

Dungeon Overview and Level Annotations

Branches:
Dungeon (4/15) Zot: 21241
 Temple: D:4-7

Altars:
Nemelex Xobeh
Qazlal

Shops:
D:1 ??:

Annotations:
D:4 Edmund

... #.# # #.##.#
#.##.##.# #.......#
#.##.### #@.._..###
#.##.#...##########.
#.##...@....@.......
#.<......##.##.###.#
####..#..##.# #
#.###....# ##.
..#### #.#. ##. ##


You could see Edmund.


Message History

The cloud of blastsparks explodes!
The concussive blast engulfs Edmund.
The cloud of blastsparks explodes!
The concussive blast engulfs Edmund!
Edmund is knocked back by the blast.
Unknown command. 😕 HP[-3]
You take 3 damage, and now have 33/40 hp.
There is a stone staircase leading up here.
Casting: Kindle Blastsparks (dangerous; 5% risk of failure)
Confirm with . or Enter, or press ? or * to list all spells.
A cloud of volatile blastsparks flares up around you! 😕 HP[-2]
You take 2 damage, and now have 31/40 hp.
Unknown command.
An adder comes into view.
The cloud of blastsparks explodes!
The concussive blast engulfs Edmund!
The cloud of blastsparks explodes!
The concussive blast engulfs Edmund but does no damage.
Edmund is knocked back by the blast.
The adder hisses angrily.
You hear an angry hiss.
Unknown command.
Casting: Kindle Blastsparks (dangerous; 5% risk of failure)
Confirm with . or Enter, or press ? or * to list all spells.
The spell is quite dangerous to miscast (19% risk of failure)!
Continue anyway?
Okay, then.
Casting: Flame Wave (quite dangerous; 19% risk of failure)
Confirm with . or Enter, or press ? or * to list all spells.
The spell is quite dangerous to miscast (19% risk of failure)!
Continue anyway?
Casting: Flame Wave (quite dangerous; 19% risk of failure)
Press: ? - help, Dir - look around, f - activate You miscast Flame Wave.
You are very lightly contaminated with residual magic.
Nothing appears to happen.
Edmund asks, "Have you met my wondrous brother?"
Edmund closely misses you. 😮 HP[-3]
You take 3 damage, and now have 28/40 hp.
Unknown command.
Casting: Flame Wave (quite dangerous; 19% risk of failure)
Confirm with . or Enter, or press ? or * to list all spells.
The spell is quite dangerous to miscast (19% risk of failure)!
Continue anyway? [Y]es or [N]o only, please.
The spell is quite dangerous to miscast (19% risk of failure)!
Continue anyway?
Casting: Flame Wave (quite dangerous; 19% risk of failure)
Press: ? - help, Dir - look around, f - activate You miscast Flame Wave.
There is a sudden and violent explosion of flames.
You resist. The adder bites you.
Edmund hits you with a +0 flail of draining.
* * * LOW HITPOINT WARNING * * *
😨 HP[-11]
You take 11 damage, and now have 17/40 hp.
MASSIVE DAMAGE!! (PAUSE)
You feel better. The adder barely misses you.
Edmund hits you with a +0 flail of draining.
The adder bites you. 😮 HP[+4]
You regained 4 hp, and now have 21/40 hp.
Casting: Flame Wave (quite dangerous; 19% risk of failure)
Confirm with . or Enter, or press ? or * to list all spells.
The spell is quite dangerous to miscast (19% risk of failure)!
Continue anyway?
Casting: Flame Wave (quite dangerous; 19% risk of failure)
Press: ? - help, Dir - look around, f - activate You miscast Flame Wave.
Nothing appears to happen.
* * * LOW HITPOINT WARNING * * *
The adder misses you.
Edmund hits you with a +0 flail of draining!
* * * LOW HITPOINT WARNING * * *
😱 HP[-13]
You take 13 damage, and now have 8/40 hp.
MASSIVE DAMAGE!! (PAUSE)
Okay, then.
Blink to where?
Press: ? - help, Dir - move target
As you read the scroll of blinking, it crumbles to dust. 😱 HP[+1]
Casting: Flame Wave (quite dangerous; 19% risk of failure)
Confirm with . or Enter, or press ? or * to list all spells.
A cloud of volatile blastsparks flares up around you!
* * * LOW HITPOINT WARNING * * *
😱 HP[-3]
You take 3 damage, and now have 6/40 hp.
Unknown command.
The cloud of blastsparks explodes!
The concussive blast engulfs the adder.
The concussive blast engulfs you. You resist.
* * * LOW HITPOINT WARNING * * *
You are knocked back by the blast. 😱 HP[-1]
You take 1 damage, and now have 5/40 hp.
Casting: Kindle Blastsparks (dangerous; 5% risk of failure)
Confirm with . or Enter, or press ? or * to list all spells.
A cloud of volatile blastsparks flares up around you!
* * * LOW HITPOINT WARNING * * *
😱 HP[-2]
You take 2 damage, and now have 3/40 hp.
Unknown command.
The cloud of blastsparks explodes!
The concussive blast engulfs the adder!
You kill the adder!
The concussive blast engulfs you. You resist.
You die...

Skill      XL: |  1  2  3  4 |
---------------+-------------+-----
Spellcasting   | 3 4 |  4.8
Dodging        | |  2.1
Stealth        | |  1.5

Action                   |  1- 3 |  4- 6 || total
-------------------------+-------+-------++-------
Melee: Unarmed           |     1 |     2 ||     3
 Cast: Foxfire           |    80 |    79 ||   159
       Kindle Blastspark |     1 |    13 ||    14
       Flame Wave        |       |     1 ||     1
  Use: Scroll            |     5 |     4 ||     9
       Potion            |       |     2 ||     2
 Stab: Sleeping          |       |     1 ||     1
Armor: Robe              |       |     6 ||     6
Dodge: Dodged            |     2 |    11 ||    13

Levels and vault maps discovered:
D:1:      amcnicky_arrival_single_pillar, layout_rooms, serial_shops, shop,
          shop, shop_scrolls
D:2:      layout_basic, minivault_11, minmay_misc_feat_secret_circle,
          uniq_jessica
D:3:      layout_basic, lemuel_zombie_altar_kikubaaqudgha,
          nicolae_overflow_two_pavilions, uniq_robin
D:4:      layout_loops_cross, nicolae_ru_sacrificial_ziggurat,
          lemuel_crystal_altar, grunt_decor_fettered,
          nicolae_shop_overcharged_wands, uniq_edmund, uniq_sigmund

Notes
Turn   | Place    | Note
-------+----------+-------------------------------------------
     0 | D:1      | ytrimaz the Djinni Fire Elementalist began the quest for
                  | the Orb.
     0 | D:1      | ytrimaz set off with the following spells memorised:
                  | Foxfire, Scorch, Kindle Blastsparks, Inner Flame, Flame
                  | Wave.
     0 | D:1      | Reached XP level 1. HP: 15/15 MP: 0/0
     0 | D:1      | magus.rc [v1.9.6]
    43 | D:1      | Found Acihawon's Magic Scroll Boutique.
   143 | D:1      | Reached XP level 2. HP: 18/21 MP: 0/0
   189 | D:1      | Found Rolopupo's Book Emporium.
   397 | D:1      | Found Atepeg's Magic Scroll Emporium.
   566 | D:2      | Reached skill level 3 in Spellcasting
   670 | D:2      | Reached XP level 3. HP: 22/25 MP: 0/0
   670 | D:2      | Learned a level 1 spell: Freeze
   988 | D:2      | Reached XP level 4. HP: 24/31 MP: 0/0
  1151 | D:2      | Noticed Jessica
  1163 | D:2      | Killed Jessica
  1164 | D:2      | Reached skill level 4 in Spellcasting
  1164 | D:2      | Reached XP level 5. HP: 33/35 MP: 0/0
  1164 | D:2      | Learned a level 2 spell: Call Imp
  1434 | D:3      | Found a stormy altar of Qazlal.
  1905 | D:3      | Noticed Robin
  1928 | D:3      | Killed Robin
  2031 | D:3      | Reached XP level 6. HP: 39/40 MP: 0/0
  2735 | D:4      | Found a sparkling altar of Nemelex Xobeh.
  2736 | D:4      | Noticed Edmund
  2753 | D:4      | HP: 8/40 [Edmund/+0 flail of draining (9)]
  2758 | D:4      | Killed themself with a badly aimed concussive blast

Vanquished Creatures
  Jessica (D:2)
  2 orc wizards (D:3)
  Robin (D:3)
  2 adders
  4 gnolls (D:2)
  A worm (D:2)
  An orc (D:3)
  A bat zombie (D:3)
  3 endoplasms
  3 giant cockroaches
  11 goblins
  7 hobgoblins
  4 quokkas
  2 ball pythons (D:2)
  6 bats
  3 frilled lizards
  A kobold (D:1)
  2 rats
  2 rat zombies (D:3)
57 creatures vanquished.

Vanquished Creatures (others)
  234 foxfires
234 creatures vanquished.

Grand Total: 291 creatures vanquished

Table legend:
 A = Non-vault XP
 B = Vault XP
 C = Vault XP percentage of total XP
 D = Non-vault monster count
 E = Vault monster count
 F = Vault count percentage of total count
                 A         B        C        D         E       F
            +---------+---------+-------+---------+---------+-------
      Total |     215 |      75 |  25.9 |      42 |      15 |  26.3
            +---------+---------+-------+---------+---------+-------
        D:1 |      14 |       0 |   0.0 |       8 |       0 |   0.0
        D:2 |      98 |      37 |  27.4 |      20 |       1 |   4.8
        D:3 |      90 |      38 |  29.7 |      13 |      14 |  51.9
        D:4 |      13 |       0 |   0.0 |       1 |       0 |   0.0
            +---------+---------+-------+---------+---------+-------

Illustrated notes

Table legend:
 A = Kills in this place as a percentage of kills in entire the game.
 B = Kills by you in this place as a percentage of kills by you in the entire game.
 C = Kills by friends in this place as a percentage of kills by friends in the entire game.
 D = Other kills in this place as a percentage of other kills in the entire game.
 E = Experience gained in this place as a percentage of experience gained in the entire game.
 F = Experience gained in this place divided by the number of levels of this place that you have seen.
                   A       B       C       D       E      F
               +-------+-------+-------+-------+-------+----------------------
         Total | 100.0 | 100.0 |   N/A |   N/A | 100.0 |  72.5
       Dungeon | 100.0 | 100.0 |   N/A |   N/A | 100.0 |  72.5
               +-------+-------+-------+-------+-------+----------------------

Table legend: (Time is in decaauts)
 A = Elapsed time spent in this place.
 B = Non-inter-level travel time spent in this place.
 C = Inter-level travel time spent in this place.
 D = Time resting spent in this place.
 E = Time spent auto-exploring this place.
 F = Levels seen in this place.
 G = Mean time per level.
                   A        B        C        D        E       F      G
               +--------+--------+--------+--------+--------+-----+--------+
         Total |   2757 |   2712 |     45 |      0 |   2284 |   4 |  689.2 |
       Dungeon |   2757 |   2712 |     45 |      0 |   2284 |   4 |  689.2 |
               +--------+--------+--------+--------+--------+-----+--------+

Top non-repeatable levels by time:
     D:3: 1315 daAuts
     D:2: 892 daAuts
     D:1: 523 daAuts
     D:4: 25 daAuts
